 Dungeon Crawl Stone Soup version 0.30.1-3-gfc49f6343a (webtiles) character file.

Game seed: 2711702769671924262

2754 croobank the Covert (level 9, -8/64 HPs)
             Began as an Octopode Delver on July 30, 2023.
             Was an Initiate of Gozag.
             Mangled by an orc warrior
             ... wielding a +0 hand axe
              (16 damage)
             ... in a bailey.
             The game lasted 00:29:28 (8168 turns).

croobank the Covert (Octopode Delver)               Turns: 8168, Time: 00:29:28

Health: -8/64      AC:  1    Str: 11    XL:     9   Next: 68%
Magic:  11/11      EV: 16    Int: 16    God:    Gozag
Gold:   97         SH:  0    Dex: 14    Spells: 11/11 levels left

rFire   . . .        a - +0 short sword
rCold   . . .        (no shield)
rNeg    . . .        (helmet restricted)
rPois   .            (no amulet)
rElec   .            v - ring of resist corrosion
rCorr   +            (no ring)
SInv    .            (no ring)
Will    .....        (no ring)
Stlth   ++++++       (no ring)
HPRegen 0.30/turn    (no ring)
MPRegen 0.12/turn    (no ring)
                     (no ring)

%: no passive effects
@: mighty, brilliant, gold aura, hasted, studying Hexes, very quick
A: almost no armour, amphibious, 8 rings, camouflage 1, gelatinous body 1,
(nimble swimmer 1), tentacles
a: Renounce Religion, Potion Petition, Call Merchant, Bribe Branch


You were in a bailey.
You worshipped Gozag.
Gozag was noncommittal.
You visited 1 branch of the dungeon, and saw 7 of its levels.
You also visited: Bailey.

You collected 652 gold pieces.
You paid 555 gold pieces to Gozag.

Inventory:

Hand Weapons
 a - a +0 short sword (weapon)
 g - a +5 spear
 h - a +3 long sword
 l - a +0 dagger
 z - a +0 war axe
 C - a +0 long sword of flaming
Missiles
 k - 3 boomerangs (quivered)
 m - 10 poisoned darts
 q - 6 javelins
 y - 3 boomerangs of dispersal
Jewellery
 v - a ring of resist corrosion (left tentacle)
Wands
 d - a wand of paralysis (2)
 e - a wand of iceblast (12)
 f - a wand of digging (2)
 H - a wand of mindburst (12)
Scrolls
 b - 2 scrolls of fog
 c - a scroll of magic mapping
 j - a scroll of teleportation
 n - a scroll of acquirement
 w - a scroll of blinking {unknown}
 x - a scroll of amnesia
 A - 4 scrolls of immolation
 D - a scroll of enchant weapon {unknown}
 E - a scroll of noise
Potions
 i - 2 potions of berserk rage
 o - 2 potions of attraction
 p - 3 potions of might
 r - 9 potions of curing {unknown}
 t - 2 potions of resistance {unknown}
 u - a potion of lignification {unknown}
 B - 2 potions of degeneration {unknown}
 G - 2 potions of haste
 I - a potion of brilliance {unknown}


   Skills:
 + Level 7.1 Fighting
 + Level 6.7 Short Blades
 + Level 6.6 Dodging
 + Level 11.1 Stealth
 + Level 1.6 Spellcasting


You had 11 spell levels left.
You didn't know any spells.
Your spell library contained the following spells:

 Spells                   Type           Power      Damage    Failure   Level
 Manifold Assault         Tloc           1%         N/A       91%         4
 Dispersal                Tloc           0%         N/A       100%        6
 Haunt                    Necr/Summ      0%         N/A       100%        7
 Disjunction              Tloc           0%         N/A       100%        8
 Infestation              Necr           0%         N/A       100%        8
 Animate Dead             Necr           Unusable   N/A       N/A         4

Dungeon Overview and Level Annotations

Branches:
Dungeon (7/15)             Temple (0/1) D:7          Bailey (1/1)

Altars:
Cheibriados
Dithmenos
Gozag
Uskayaw
Vehumet

Shops:
D:1 (   D:3 (   D:5 (


Innate Abilities, Weirdness & Mutations

You cannot wear most types of armour.
You are amphibious.
You can wear up to eight rings at the same time.
Your skin changes colour to match your surroundings (Stealth+).
Your rubbery body absorbs attacks. (AC +1, EV +1)
((You are camouflaged when in or above water. (Stealth+)))
You have tentacles for arms and can constrict up to eight enemies at once.


Message History

You tentacle-slap the orc warrior, but do no damage.
The orc warrior is severely wounded.
You constrict the orc warrior, but do no damage.
The orc warrior struggles to escape constriction.
You hit the orc warrior.
You tentacle-slap the orc warrior, but do no damage.
The orc warrior is severely wounded.
You constrict the orc warrior, but do no damage.
You hit the orc warrior but do no damage.
You squeeze the orc warrior, but do no damage.
The orc warrior is severely wounded.
You constrict the orc warrior.
The orc warrior hits you with a +0 war axe!!
* * * LOW HITPOINT WARNING * * *
You feel much better.
You constrict the orc warrior, but do no damage.
The orc warrior escapes!
You feel very mighty all of a sudden. The orc warrior completely misses you.
The orc warrior hits you with a +0 hand axe!
You hit the orc warrior. Your grab misses the orc warrior.
You squeeze the orc warrior.
The orc warrior is lightly wounded.
The orc warrior hits you with a +0 war axe.
* * * LOW HITPOINT WARNING * * *
The orc warrior hits you with a +0 hand axe!
* * * LOW HITPOINT WARNING * * *
You hit the orc warrior.
You kill the orc warrior!
Okay, then. [a] - 840 gold - resistance, might, haste and brilliance [b] - 936 gold - heal wounds, curing, magic, haste and resistance [c] - 378 gold - haste and brilliance Purchase which effect?
You no longer have enough gold to petition Gozag for potion effects.
You feel yourself speed up.
You feel clever all of a sudden.
The orc warrior hits you with a +0 hand axe!
You die...
Your body crumbles into a pile of gold. .....⌠..... .........# ........ ......# .....# ...# ####o## ##..@$.## #.......# ##.......## $$$$$

#.........# $$
$$##.........##
#######.....⌠.....#
##.....##.........##
#.......#)........#
##.......##)......##


You could see an orc warrior.

Vanquished Creatures
  Prince Ribbit (D:7)
  A steam dragon (D:6)
  A water moccasin (D:6)
  3 black bears (D:6)
  5 orc warriors
  2 ogres (D:5)
  A phantom (D:5)
  A bullfrog (D:5)
  A gnoll sergeant (D:6)
  3 scorpions
  4 wights
  4 killer bees (D:5)
  A howler monkey (D:4)
  3 orc priests
  6 hounds
  3 iguanas
  12 gnolls
  6 adders
  A shadow imp (D:6)
  A white imp (D:6)
  An ufetubus (D:6)
  A worm (D:1)
  15 orcs
  6 endoplasms
  5 giant cockroaches
  9 hobgoblins
  4 jackals
  2 quokkas
  5 ball pythons
  4 bats
  10 goblins
  7 kobolds
  7 rats
136 creatures vanquished.

Vanquished Creatures (others)
  A gnoll sergeant (D:5)
  A quokka (D:5)
2 creatures vanquished.

Grand Total: 138 creatures vanquished

Notes
Turn   | Place    | Note
-------+----------+-------------------------------------------
     0 | D:5      | croobank the Octopode Delver began the quest for the Orb.
     0 | D:5      | Reached XP level 1. HP: 16/16 MP: 1/1
     5 | D:6      | Noticed a wight
     7 | D:6      | Noticed a wight
     9 | D:6      | Noticed a wight
    77 | D:4      | Noticed a scorpion
   102 | D:4      | Reached XP level 2. HP: 13/21 MP: 2/2
   796 | D:1      | Reached XP level 3. HP: 14/26 MP: 3/3
   951 | D:1      | Reached skill level 7 in Stealth
  1344 | D:1      | Found Epoon's Antique Weapon Shop.
  1759 | D:2      | Found a faded altar of an unknown god.
  1775 | D:2      | Reached XP level 4. HP: 28/31 MP: 4/4
  1784 | D:2      | Identified the +5 ring mail of Activism {Str+4}
  2093 | D:3      | Found Xepikh's Antique Weapon Emporium.
  3037 | D:4      | Killed a scorpion
  3038 | D:4      | Reached XP level 5. HP: 20/37 MP: 5/5
  3816 | D:4      | Reached XP level 6. HP: 26/43 MP: 6/6
  4023 | D:5      | Reached skill level 8 in Stealth
  4209 | D:5      | Reached XP level 7. HP: 32/49 MP: 7/7
  4407 | D:5      | Reached skill level 5 in Fighting
  5174 | D:5      | Reached skill level 9 in Stealth
  5174 | D:5      | Reached XP level 8. HP: 31/55 MP: 8/8
  5500 | D:6      | Reached skill level 5 in Short Blades
  5500 | D:6      | Reached skill level 5 in Dodging
  5540 | D:6      | Found a hide-covered altar of Uskayaw.
  5546 | D:6      | Found a shadowy altar of Dithmenos.
  5546 | D:6      | Found a radiant altar of Vehumet.
  5563 | D:6      | Found a snail-covered altar of Cheibriados.
  6184 | D:6      | Reached skill level 10 in Stealth
  6575 | D:6      | Reached XP level 9. HP: 53/62 MP: 9/9
  6616 | D:6      | Found an opulent altar of Gozag.
  6617 | D:6      | Found an opulent altar of Gozag.
  6626 | D:6      | Found an opulent altar of Gozag.
  6635 | D:6      | Found an opulent altar of Gozag.
  6658 | D:6      | Became a worshipper of Gozag Ym Sagoz the Greedy
  7637 | D:7      | Identified 2 scrolls of acquirement
  7637 | D:7      | Acquired a manual of Hexes
  7664 | D:7      | Noticed Prince Ribbit
  7671 | D:7      | Killed Prince Ribbit
  7739 | D:7      | Found a flagged portal.
  7760 | Bailey   | Entered a bailey
  8033 | Bailey   | Reached skill level 1 in Spellcasting
  8035 | Bailey   | Reached skill level 11 in Stealth
  8168 | Bailey   | Mangled by an orc warrior

Illustrated notes

Levels and vault maps discovered:
D:1:      eino_arrival_cavern_b, layout_loops_ring, serial_shops, shop,
          nicolae_wormholes
D:2:      layout_loops_ring, hellmonk_ecumenical_altar_blasted,
          amcnicky_mini_pool_small
D:3:      layout_loops_corners, serial_shops, shop, grunt_decor_one_mirror
D:4:      layout_basic
D:5:      minmay_inner_zag, layout_rooms, serial_shops, nicolae_stop_n_shop_2,
          serial_rivers, chequers_serial_rivers_micro_b,
          chequers_serial_rivers_marsh, chequers_serial_rivers_micro_a,
          chequers_serial_rivers_large_a, eino_small_chamber_without_monster,
          lemuel_flame_loot_1
D:6:      layout_gridville, cheibriados_altar_1,
          gammafunk_temple_overflow_forgotten,
          nicolae_gozag_conspicuous_consumption, serial_bayou_pond_b,
          hangedman_decor_lopped
D:7:      layout_loops_ring, minmay_temple_entry_arrows,
          lightli_bailey_entry_fortress, dk_vineyard_3, uniq_prince_ribbit1
Bailey:   bailey_axe_minmay_hex_keep, bailey

Skill      XL: |  1  2  3  4  5  6  7  8  9 |
---------------+----------------------------+-----
Stealth        | 7 8 9 10 11 | 11.1
Short Blades   | 3 4 5 6 |  6.7
Dodging        | 3 4 5 6 |  6.6
Fighting       | 4 5 6 7 |  7.1
Spellcasting   | 1 |  1.6

Action                     |  1- 3 |  4- 6 |  7- 9 || total
---------------------------+-------+-------+-------++-------
  Melee: Short sword       |    79 |   104 |   240 ||   423
         Constrict         |    15 |    18 |    48 ||    81
         Tentacles         |     7 |    22 |    85 ||   114
         Punch             |       |     3 |     6 ||     9
  Throw: Boomerang         |       |     9 |    63 ||    72
 Invoke: Potion Petition   |       |       |     1 ||     1
  Evoke: Wand              |       |       |    10 ||    10
    Use: Potion            |       |     3 |     5 ||     8
         Scroll            |       |     3 |    10 ||    13
   Stab: Sleeping          |    12 |    14 |    11 ||    37
         Paralysed         |       |       |     4 ||     4
 Armour: Skin              |     5 |     9 |     5 ||    19
  Dodge: Dodged            |    37 |    60 |   147 ||   244
